 Dungeon Crawl Stone Soup version 0.30-a0-840-ga523dec638 (webtiles) character file.

Game seed: 16585723846790155491

2 xian the Trooper (level 1, -4/18 HPs)
             Began as a Demonspawn Berserker on Mar 2, 2023.
             Was a Follower of Trog.
             Succumbed to a goblin's poison
             ... on level 1 of the Dungeon.
             The game lasted 00:00:15 (62 turns).

xian the Trooper (Demonspawn Berserker)               Turns: 62, Time: 00:00:16

Health: -4/18      AC:  2    Str: 17    XL:     1   Next: 33%
Magic:  1/1        EV: 12    Int:  8    God:    Trog [*.....]
Gold:   12         SH:  0    Dex: 12    Spells: 0/0 levels left

rFire   . . .      SeeInvis .    a - +0 hand axe
rCold   . . .      Faith    .    (no shield)
rNeg    . . .      Spirit   .    b - +0 animal skin
rPois   .          Reflect  .    (no helmet)
rElec   .          Harm     .    (no cloak)
rCorr   .          Rampage  .    (no gloves)
Will    .....                    (no boots)
Stlth   +                        (no amulet)
HPRegen 0.23/turn                (no ring)
MPRegen 0.07/turn                (no ring)

@: lethally poisoned (-4 -> -25)
A: no striking features
a: Renounce Religion, Berserk


You were on level 1 of the Dungeon.
You worshipped Trog.
Trog was aware of your devotion.
You visited 1 branch of the dungeon, and saw 1 of its levels.

You collected 12 gold pieces.

Inventory:

Hand Weapons
 a - a +0 hand axe (weapon)
Armour
 b - a +0 animal skin (worn)


   Skills:
 + Level 3.0 Fighting
 + Level 2.7 Axes
 + Level 1.8 Armour
 + Level 1.7 Dodging


You couldn't memorise any spells.
You didn't know any spells.
Your spell library was empty.

Dungeon Overview and Level Annotations

Branches:
Dungeon (1/15)

Altars:


Message History

You barely miss the bat. The bat hits you. The bat closely misses you.
You barely miss the bat. The bat hits you but does no damage.
The bat barely misses you.
You closely miss the bat.
You hit the frilled lizard but do no damage.
The bat barely misses you. x2; The frilled lizard bites you.
You miss the bat. You closely miss the frilled lizard.
The bat closely misses you. The bat hits you.
The frilled lizard barely misses you.
You barely miss the bat. You hit the frilled lizard.
You kill the frilled lizard!
Trog accepts your kill. The bat hits you but does no damage. x3
You hit the bat.
The bat is moderately wounded.
The bat hits you. The bat barely misses you. The bat barely misses you. x2
You closely miss the bat.
The bat is moderately wounded.
The goblin shouts!
The bat closely misses you. The bat barely misses you.
The bat hits you but does no damage.
You hit the bat.
You kill the bat!
Trog accepts your kill.
The goblin hits you with a +2 dagger of venom.
You closely miss the goblin.
The goblin hits you with a +2 dagger of venom.
You are lethally poisoned!
You hit the goblin.
The goblin is heavily wounded.
* * * LOW HITPOINT WARNING * * *
You feel very sick.
The goblin hits you with a +2 dagger of venom.
* * * LOW HITPOINT WARNING * * *
You are more poisoned.
You slash the goblin!
You kill the goblin!
Trog accepts your kill.
You die...

#.. #.. . +.. .. ..
..# #.## .... #..♣
..... #..♣♣♣♣♣♣...#
...###....@).....#
#......#†#.#.......
##.###.#...#.......
+ +#).###.#.......
##.### #.#.......
+#'.# #.#.#g#.l.
##.### #.#.#.#...
+#'.# #.###.# ..
##.###


There were no monsters in sight!

Vanquished Creatures
  A bat (D:1)
  A frilled lizard (D:1)
  2 goblins (D:1)
  A rat (D:1)
5 creatures vanquished.

Vanquished Creatures (others)
  5 plants (D:1)
5 creatures vanquished.

Grand Total: 10 creatures vanquished

Notes
Turn   | Place    | Note
-------+----------+-------------------------------------------
     0 | D:1      | xian the Demonspawn Berserker began the quest for the Orb.
     0 | D:1      | Reached XP level 1. HP: 18/18 MP: 1/1
    62 | D:1      | Succumbed to a goblin's poison

Illustrated notes

Levels and vault maps discovered:
D:1:      erik_arrival_triangle_huge, layout_basic,
          dilly_ecumenical_altar_fadedgnrine, amcnicky_mini_corridor_feature

Action                     || total
---------------------------++-------
  Melee: Hand axe          ||    17
 Armour: Animal skin       ||     9
  Dodge: Dodged            ||    17

Table legend: (Time is in decaauts)
 A = Elapsed time spent in this place.
 B = Non-inter-level travel time spent in this place.
 C = Inter-level travel time spent in this place.
 D = Time resting spent in this place.
 E = Time spent auto-exploring this place.
 F = Levels seen in this place.
 G = Mean time per level.
                   A        B        C        D        E       F      G
               +--------+--------+--------+--------+--------+-----+--------+
         Total |     64 |     64 |      0 |      0 |     22 |   1 |   64.0 |
       Dungeon |     64 |     64 |      0 |      0 |     22 |   1 |   64.0 |
               +--------+--------+--------+--------+--------+-----+--------+

Top non-repeatable levels by time:
     D:1: 64 daAuts
